 Dungeon Crawl Stone Soup version 0.20.1-1-g8b1a95d (webtiles) character file.

443 homeworkjunkie the Chopper (level 7, -4/60 HPs)
             Began as a Hill Orc Fighter on Nov 29, 2017.
             Slain by a gnoll (7 damage)
             ... on level 5 of the Dungeon.
             The game lasted 00:05:10 (2776 turns).

homeworkjunkie the Chopper (Hill Orc Fighter)       Turns: 2776, Time: 00:05:10

Health: -4/60      AC:  8    Str: 21    XL:     7   Next: 2%
Magic:  7/7        EV:  7    Int:  8    God:
Gold:   117        SH: 10    Dex: 10    Spells: 6/6 levels left

rFire    . . .     SeeInvis .   a - +2 war axe
rCold    . . .     Gourm    .   c - +0 shield
rNeg     . . .     Faith    .   b - +0 scale mail
rPois    +         Spirit   .   (no helmet)
rElec    .         Reflect  .   (no cloak)
rCorr    .         Harm     .   (no gloves)
MR       .....                  r - +0 pair of boots
Stlth    ..........             (no amulet)
Regen    0.2/turn               i - ring of poison resistance
MPRegen  0.1/turn               j - ring of flight

@: no status effects
A: no striking features
a: Evoke Flight


You were on level 5 of the Dungeon.
You were not hungry.

You visited 1 branch of the dungeon, and saw 5 of its levels.

You collected 117 gold pieces.

Inventory:

Hand Weapons
 a - a +2 war axe (weapon)
Armour
 b - a +0 scale mail (worn)
 c - a +0 shield (worn)
 r - a +0 pair of boots (worn)
Jewellery
 i - a ring of poison resistance (left hand)
 j - a ring of flight (right hand)
Scrolls
 d - a scroll of fog {unknown}
 h - a scroll of remove curse
 k - a scroll of teleportation
 n - a scroll of immolation
 q - a scroll of magic mapping
Potions
 e - a potion of lignification {unknown}
 f - 2 potions of magic
 m - 2 potions of haste {unknown}
Comestibles
 g - a bread ration
 p - 3 fruits


   Skills:
 * Level 4.6 Fighting
 * Level 6.7 Axes
 * Level 4.4 Armour
 + Level 0.4 Dodging
 * Level 5.1 Shields


You had 6 spell levels left.
You didn't know any spells.

Dungeon Overview and Level Annotations

Branches:
Dungeon (5/15)
 Temple: D:4-7

Altars:
Cheibriados
Ru
Trog
Uskayaw
Zin


Message History

The gnoll hits you.
* * * LOW HITPOINT WARNING * * *
You barely miss the gnoll. You block the gnoll's attack.
You hit the gnoll but do no damage. The gnoll hits you.
* * * LOW HITPOINT WARNING * * *
You slash the gnoll!
The gnoll is severely wounded.
The gnoll hits you.
* * * LOW HITPOINT WARNING * * *
Your shield and scale mail prevent you from hitting the gnoll.
The gnoll is severely wounded.
The gnoll hits you but does no damage. The gnoll hits you.
* * * LOW HITPOINT WARNING * * *
You hit the gnoll.
The gnoll is almost dead.
The gnoll barely misses you.
You barely miss the gnoll.
The gnoll is almost dead.
The gnoll hits you!
You die...

#.# #####
#.##....
#.#..#
####...#
.######.>..###
..........##
####.._.## .#
##)†.# .#
#@###
###.#####g#
#..........
#./.g......#
#...g......#
#S.........#
#<.........#
#..........#
#........


You could see a gnoll.

Vanquished Creatures
  Duvessa (D:4)
  A gnoll sergeant (D:5)
  Dowan (D:4)
  An iguana (D:5)
  3 gnolls (D:5)
  6 adders
  3 oozes
  2 worms (D:2)
  2 dart slugs
  3 orcs (D:3)
  A giant cockroach (D:1)
  12 goblins
  7 hobgoblins
  15 jackals
  3 quokkas
  3 ball pythons
  5 bats
  7 frilled lizards
  9 kobolds
  5 rats
90 creatures vanquished.

Notes
Turn   | Place    | Note
-------+----------+-------------------------------------------
     0 | D:1      | homeworkjunkie the Hill Orc Fighter began the quest for the Orb.
     0 | D:1      | Reached XP level 1. HP: 19/19 MP: 1/1
    45 | D:2      | Reached XP level 2. HP: 18/27 MP: 2/2
   145 | D:2      | Reached skill level 3 in Axes
   450 | D:3      | Reached XP level 3. HP: 33/33 MP: 3/3
   642 | D:4      | Noticed Duvessa
  1027 | D:3      | Reached XP level 4. HP: 40/40 MP: 4/4
  1033 | D:3      | Found a sacrificial altar of Ru.
  1037 | D:3      | Found a snail-covered altar of Cheibriados.
  1038 | D:3      | Found a hide-covered altar of Uskayaw.
  1039 | D:3      | Found a glowing silver altar of Zin.
  1634 | D:2      | Reached skill level 4 in Axes
  1912 | D:2      | Reached XP level 5. HP: 46/46 MP: 5/5
  2638 | D:4      | Noticed Dowan
  2644 | D:4      | Killed Duvessa
  2644 | D:4      | Reached skill level 5 in Axes
  2644 | D:4      | Reached XP level 6. HP: 44/53 MP: 6/6
  2647 | D:4      | Killed Dowan
  2694 | D:5      | Entered Level 5 of the Dungeon
  2715 | D:5      | Found a bloodstained altar of Trog.
  2726 | D:5      | Reached skill level 6 in Axes
  2729 | D:5      | Reached skill level 5 in Shields
  2754 | D:5      | Reached XP level 7. HP: 15/60 MP: 7/7
  2774 | D:5      | HP: 2/60 [gnoll (3)]
  2776 | D:5      | Slain by a gnoll

Skill      XL: |  1  2  3  4  5  6 |
---------------+-------------------+-----
Axes           | 3 4 5 6 |  6.7
Shields        | 4 5 |  5.1
Fighting       | 4 |  4.6
Armour         | 4 |  4.4
Dodging        | |  0.4

Action                   |  1- 3 |  4- 6 |  7- 9 || total
-------------------------+-------+-------+-------++-------
Melee: War axe           |   125 |   185 |    20 ||   330
  Use: Potion            |     1 |     5 |     2 ||     8
       Scroll            |       |    11 |       ||    11
  Eat: Bread ration      |     1 |       |       ||     1
       Royal jelly       |     1 |       |       ||     1
Armor: Scale mail        |    61 |    83 |     4 ||   148
Dodge: Dodged            |    32 |    52 |     4 ||    88
Block: Shield            |    73 |    96 |     7 ||   176
